 Dungeon Crawl Stone Soup version 0.30-a0-1164-ge08a67761e (webtiles) character file.

Game seed: 13019143615238430213

427 voltaire321 the Sneak (level 7, -5/40 HPs)
             Began as a Kobold Enchanter on Apr 29, 2023.
             Slain by a gnoll
             ... wielding a +0 flail
              (6 damage)
             ... on level 5 of the Dungeon.
             The game lasted 00:07:49 (4589 turns).

voltaire321 the Sneak (Kobold Enchanter)            Turns: 4589, Time: 00:07:49

Health: -5/40      AC:  5    Str: 13    XL:     7   Next: 18%
Magic:  10/11      EV: 15    Int: 17    God:
Gold:   231        SH:  0    Dex: 15    Spells: 0/12 levels left

rFire   . . .        n - +1 short sword (venom)
rCold   . . .        (no shield)
rNeg    . . .        b - +0 robe
rPois   .            q - +2 hat
rElec   .            (no cloak)
rCorr   .            k - +0 pair of gloves
SInv    .            (no boots)
Will    .....        (no amulet)
Stlth   ++++         o - +6 ring of strength
HPRegen 0.26/turn    (no ring)
MPRegen 0.12/turn

%: no passive effects
@: no status effects
A: small, no large weapons, nightstalker 3
a: no special abilities


You were on level 5 of the Dungeon.
You visited 1 branch of the dungeon, and saw 5 of its levels.

You collected 231 gold pieces.

Inventory:

Hand Weapons
 a - a +1 dagger
 n - a +1 short sword of venom (weapon)
Armour
 b - a +0 robe (worn)
 k - a +0 pair of gloves (worn)
 q - a +2 hat (worn)
Magical Staves
 p - a staff of earth
Jewellery
 o - a +6 ring of strength (left hand)
 v - a ring of willpower
Wands
 c - a wand of digging (5)
Scrolls
 e - a scroll of fog {unknown}
 f - a scroll of noise {unknown}
 h - a scroll of identify
 s - a scroll of amnesia {unknown}
 u - a scroll of blinking {unknown}
 w - a scroll of teleportation {unknown}
Potions
 d - a potion of cancellation
 g - a potion of heal wounds {unknown}
 i - a potion of magic {unknown}
 j - a potion of degeneration {unknown}
 l - a potion of lignification {unknown}
 m - a potion of curing
 r - a potion of mutation {unknown}
 t - a potion of flight {unknown}


   Skills:
 + Level 2.1 Fighting
 + Level 3.2 Short Blades
 + Level 3.6 Dodging
 * Level 6.5 Stealth
 + Level 3.2 Spellcasting
 + Level 3.8 Hexes
 + Level 2.1 Ice Magic
 + Level 0.1 Poison Magic


You couldn't memorise any spells.
You knew the following spells:

 Your Spells              Type           Power      Damage    Failure   Level
a - Ensorcelled Hibernat  Hex/Ice        26%        N/A       8%          2
b - Confusing Touch       Hex            15%        N/A       11%         3
c - Tukima's Dance        Hex            15%        N/A       11%         3
d - Olgreb's Toxic Radia  Pois           3%         N/A       85%         4

Your spell library contained the following spells:

 Spells                   Type           Power      Damage    Failure   Level
 Apportation              Tloc           4%         N/A       17%         1
 Necrotise                Necr           8%         1d4       17%         1
 Sting                    Tmut/Pois      12%        1d3       17%         1
 Summon Small Mammal      Summ           8%         N/A       17%         1
 Dazzling Flash           Conj/Hex       18%        N/A       24%         3
 Portal Projectile        Hex/Tloc       18%        N/A       24%         3
 Summon Guardian Golem    Hex/Summ       9%         N/A       24%         3
 Poisonous Vapours        Pois/Air       6%         N/A       26%         2
 Call Canine Familiar     Summ           2%         N/A       45%         3
 Blade Hands              Tmut           1%         N/A       99%         5


Dungeon Overview and Level Annotations

Branches:
Dungeon (5/15)
 Temple: D:4-7

Altars:


Innate Abilities, Weirdness & Mutations

You are small and have problems with some larger weapons.
You are completely attuned to the shadows.


Message History

You kill the shadow imp!
A gnoll comes into view. It is wielding a +0 spear of venom.
A gnoll comes into view. It is wielding a +0 flail.
The gnoll shouts!
A gnoll comes into view. It is wielding a +0 flail.
The gnoll barely misses you.
The gnoll hits you from afar with a +0 spear of venom.
Aiming: Ensorcelled Hibernation (safe; 8% risk of failure)
Press: ? - help, Q - select action, (/) - cycle Shift-Dir - straight line, f - gnoll
Aim: a gnoll, wielding a +0 flail (chance to affect: 55%)
The gnoll resists with significant effort.
The gnoll hits you with a +0 flail!
The gnoll hits you from afar with a +0 spear of venom!
You are poisoned.
The gnoll attacks as you move away! The gnoll barely misses you.
You feel very sick.
You feel very sick.
You feel sick.
It was a potion of curing.
You feel better. The gnoll closely misses you.
As you read the scroll labelled QELUICZYENE, it crumbles to dust.
It is a scroll of identify.
d - a potion of cancellation The gnoll hits you from afar with a +0 spear of venom.
* * * LOW HITPOINT WARNING * * *
You are lethally poisoned!
The gnoll attacks as you move away! The gnoll hits you with a +0 flail.
* * * LOW HITPOINT WARNING * * *
x2 You feel very sick.
* * * LOW HITPOINT WARNING * * *
You feel very sick.
* * * LOW HITPOINT WARNING * * *
You feel sick.
You feel better. The gnoll barely misses you.
The gnoll hits you with a +0 flail.
* * * LOW HITPOINT WARNING * * *
An orc comes into view. It is wielding a +2 heavy flail.
The gnoll attacks as you move away! The gnoll hits you with a +0 flail!
* * * LOW HITPOINT WARNING * * *
The gnoll attacks as you move away! The gnoll hits you with a +0 flail.
You die...

....#.........##...
.............##.....
.....................
.....................
................##...
.......###...........
....g..........))....
....gg...............
..#.@#...............
.###.#........#......
..#o.. .........#...#
.......#.......###..#
.......#.......##....
.......##.....
....<..###.###
...#...##..# #
.......#...# #


You could see 3 gnolls and an orc (wandering).

Vanquished Creatures
  A black bear (D:4)
  Jessica (D:3)
  An orc wizard (D:4)
  4 sleepcaps
  5 adders
  3 gnolls (D:4)
  A shadow imp (D:5)
  An ufetubus (D:5)
  2 worms
  14 orcs
  5 ball pythons
  3 bats
  6 endoplasms
  3 giant cockroaches (D:1)
  9 goblins
  7 hobgoblins
  2 jackals (D:5)
  5 kobolds
  3 quokkas
  3 frilled lizards
  3 rats
82 creatures vanquished.

Notes
Turn   | Place    | Note
-------+----------+-------------------------------------------
     0 | D:1      | voltaire321 the Kobold Enchanter began the quest for the
                  | Orb.
     0 | D:1      | Reached XP level 1. HP: 10/10 MP: 3/3
   182 | D:1      | Reached XP level 2. HP: 16/16 MP: 5/5
   187 | D:1      | Learned a level 2 spell: Ensorcelled Hibernation
   593 | D:1      | Reached XP level 3. HP: 18/20 MP: 6/6
  1965 | D:2      | Reached XP level 4. HP: 12/24 MP: 4/7
  2303 | D:3      | Reached skill level 5 in Stealth
  2320 | D:3      | Reached skill level 1 in Fighting
  2396 | D:3      | Reached skill level 1 in Ice Magic
  2505 | D:3      | Noticed Jessica
  2514 | D:3      | Killed Jessica
  2515 | D:3      | Reached XP level 5. HP: 21/29 MP: 3/9
  3229 | D:4      | HP: 1/29 [sleepcap (3)]
  3235 | D:4      | Reached XP level 6. HP: 3/34 MP: 10/10
  3612 | D:4      | Reached skill level 6 in Stealth
  4054 | D:4      | Noticed a black bear
  4059 | D:4      | Killed a black bear
  4060 | D:4      | Reached XP level 7. HP: 39/40 MP: 8/11
  4352 | D:5      | Entered Level 5 of the Dungeon
  4362 | D:5      | Learned a level 3 spell: Confusing Touch
  4366 | D:5      | Learned a level 3 spell: Tukima's Dance
  4371 | D:5      | Learned a level 4 spell: Olgreb's Toxic Radiance
  4584 | D:5      | HP: 2/40 [poisoned by a gnoll]
  4589 | D:5      | Slain by a gnoll

Illustrated notes

Levels and vault maps discovered:
D:1:      mrwooster_arrival_statue, layout_basic
D:2:      layout_basic
D:3:      layout_basic, uniq_jessica
D:4:      layout_basic, grunt_decor_resistance, corexii_hall_statues_l,
          interstate_on_off, kennysheep_boxes
D:5:      layout_cave_pools, temple_hall, minmay_strange_pillars, uniq_ijyb

Skill      XL: |  1  2  3  4  5  6 |
---------------+-------------------+-----
Short Blades   | 2 3 |  3.2
Stealth        | 5 6 |  6.5
Fighting       | 1 2 |  2.1
Ice Magic      | 1 2 |  2.1
Dodging        | 3 |  3.6
Spellcasting   | 3 |  3.2
Hexes          | |  3.8
Poison Magic   | |  0.1

Action                     |  1- 3 |  4- 6 |  7- 9 || total
---------------------------+-------+-------+-------++-------
  Melee: Dagger            |    58 |       |       ||    58
         Short sword       |    16 |   143 |    37 ||   196
         Punch             |       |     3 |     1 ||     4
   Cast: Ensorcelled Hiber |     1 |     5 |     2 ||     8
    Use: Potion            |       |     2 |     2 ||     4
         Scroll            |       |       |     1 ||     1
   Stab: Sleeping          |    24 |    11 |     3 ||    38
         Invisible         |       |     2 |       ||     2
 Armour: Robe              |     4 |    19 |     5 ||    28
  Dodge: Dodged            |    33 |    80 |    31 ||   144

Table legend: (Time is in decaauts)
 A = Elapsed time spent in this place.
 B = Non-inter-level travel time spent in this place.
 C = Inter-level travel time spent in this place.
 D = Time resting spent in this place.
 E = Time spent auto-exploring this place.
 F = Levels seen in this place.
 G = Mean time per level.
                   A        B        C        D        E       F      G
               +--------+--------+--------+--------+--------+-----+--------+
         Total |   4556 |   4462 |     94 |    402 |   3366 |   5 |  911.2 |
       Dungeon |   4556 |   4462 |     94 |    402 |   3366 |   5 |  911.2 |
               +--------+--------+--------+--------+--------+-----+--------+

Top non-repeatable levels by time:
     D:1: 1184 daAuts
     D:4: 1172 daAuts
     D:2: 1002 daAuts
     D:3: 966 daAuts
     D:5: 231 daAuts
